Construct Section Command Post
Selects Indian Artillery Battlegroup
Selects Indian Artillery Battlegroup
Construct Platoon Command Post
6-pounder Anti-tank Gun Team
6-pounder Anti-tank Gun Team
Selects Gurkha Rifles Section
Construct Company Command Post
Selects Volunteer Infantry
Unlock M3 Grant Medium Tanks
Selects Artillery Saturation
Selects Off-map Airburst Barrage
Selects Perimeter Monitor
6-pounder Anti-tank Gun Team